 Dungeon Crawl Stone Soup version 0.31-a0-40-g1d5085d191 (webtiles) character file.

Game seed: 6091252820237044481

1457 bande the Chopper (level 8, -2/49 HPs)
             Began as a Gargoyle Fighter on May 17, 2023.
             Was an Initiate of Okawaru.
             Slain by an unseen horror simulacrum (9 damage)
             ... on level 6 of the Dungeon.
             The game lasted 00:10:29 (5725 turns).

bande the Chopper (Gargoyle Fighter)                Turns: 5725, Time: 00:10:30

Health: -2/49      AC: 23    Str: 21    XL:     8   Next: 76%
Magic:  9/9        EV: 15    Int:  8    God:    Okawaru [......]
Gold:   381        SH:  9    Dex: 11    Spells: 7/7 levels left

rFire   . . .        a - +0 war axe (freeze)
rCold   . . .        v - +0 kite shield
rNeg    + . .        e - +0 plate armour
rPois   ∞            m - +0 helmet
rElec   +            (no cloak)
rCorr   .            h - +1 pair of gloves
SInv    .            f - +1 pair of boots
Will    .....        (no amulet) Stlth
                     c - ring of the Hare {EV+10}
HPRegen 0.28/turn    (no ring)
MPRegen 0.11/turn

%: no passive effects
@: mighty
A: sickness immunity, AC +5, negative energy resistance 1, electricity
resistance, torment resistance 1, petrification resistance
a: Renounce Religion


You were on level 6 of the Dungeon.
You worshipped Okawaru.
Okawaru was noncommittal.
You visited 2 branches of the dungeon, and saw 7 of its levels.
You also visited: Sewer.

You collected 381 gold pieces.

Inventory:

Hand Weapons
 a - a +0 war axe of freezing (weapon)
 y - a +2 flail of draining
Armour
 e - a +0 plate armour (worn)
 f - a +1 pair of boots (worn)
 h - a +1 pair of gloves (worn)
 m - a +0 helmet (worn)
 v - a +0 kite shield (worn)
Jewellery
 b - a ring of fire
 c - the ring of the Hare (left hand) {EV+10}
   (You found it on level 4 of the Dungeon)

   [ring of evasion]

   EV:        It affects your evasion (+10).
 g - a ring of ice
 G - an amulet of reflection
Wands
 w - a wand of paralysis (1)
 x - a wand of light (9)
 F - a wand of flame (18)
Scrolls
 i - 2 scrolls of blinking
 s - a scroll of enchant armour
 A - a scroll of magic mapping {unknown}
 D - a scroll of teleportation
 E - a scroll of silence {unknown}
Potions
 d - 3 potions of might
 j - a potion of cancellation
 k - a potion of berserk rage
 l - 3 potions of resistance
 n - 2 potions of ambrosia {unknown}
 o - 2 potions of haste
 p - 2 potions of mutation {unknown}
 q - a potion of curing {unknown}
 r - 4 potions of invisibility {unknown}
 t - 3 potions of lignification {unknown}
 u - 4 potions of flight {unknown}
 z - a potion of attraction {unknown}
 B - a potion of heal wounds
 C - 2 potions of brilliance {unknown}


   Skills:
 + Level 5.2 Fighting
 + Level 6.5 Axes
 - Level 0.4(4.4) Maces & Flails
 + Level 5.7 Armour
 + Level 5.6 Shields
 * Level 1.5 Invocations
 * Level 2.5 Evocations


You had 7 spell levels left.
You didn't know any spells.
Your spell library contained the following spells:

 Spells                   Type           Power      Damage    Failure   Level
 Sting                    Tmut/Pois      0%         1d3       100%        1
 Ensorcelled Hibernation  Hex/Ice        0%         N/A       100%        2
 Poisonous Vapours        Pois/Air       0%         N/A       100%        2
 Inner Flame              Hex/Fire       0%         N/A       100%        3
 Spider Form              Tmut/Pois      0%         N/A       100%        3
 Anguish                  Hex/Necr       0%         N/A       100%        4
 Olgreb's Toxic Radiance  Pois           0%         N/A       100%        4
 Yara's Violent Unravell  Hex/Tmut       0%         3d3       100%        5
 Enfeeble                 Hex            0%         N/A       100%        7


Dungeon Overview and Level Annotations

Branches:
Dungeon (6/15)             Temple (1/1) D:6           Sewer (visited)

Altars:
Ashenzari
Dithmenos
Kikubaaqudgha
Nemelex Xobeh
Okawaru
Yredelemnul
Zin
The Shining One

Annotations:
D:6 BlueFish's ghost, novice DrAr


Innate Abilities, Weirdness & Mutations

You are immune to sickness and miasma.
Your stone body is resilient. (AC +5)
You are immune to poison.
You resist negative energy. (rN+)
You are resistant to electric shocks. (rElec)
You are resistant to unholy torment.
You are immune to petrification.


Message History

You block the centaur skeleton's attack.
The centaur skeleton kicks you but does no damage.
You feel very mighty all of a sudden.
The unseen horror simulacrum closely misses you.
The unseen horror simulacrum hits you.
The unseen horror simulacrum freezes you!!
You block the wyvern simulacrum's attack.
The centaur skeleton barely misses you.
The centaur skeleton kicks you but does no damage.
You block the unseen horror simulacrum's attack.
You slash the centaur skeleton!
The centaur skeleton is heavily damaged.
You slice the wyvern simulacrum!!
The wyvern simulacrum vaporises!
Okawaru accepts your kill.
You slash the unseen horror simulacrum!
The unseen horror simulacrum hits you but does no damage.
You block the unseen horror simulacrum's attack.
The centaur skeleton barely misses you.
The centaur skeleton kicks you but does no damage.
The unseen horror simulacrum hits you.
The unseen horror simulacrum freezes you!
* * * LOW HITPOINT WARNING * * *
The centaur skeleton hits you but does no damage.
The centaur skeleton kicks you but does no damage.
You feel your dexterity returning.
You slash the centaur skeleton!
The centaur skeleton is almost destroyed.
You hit the unseen horror simulacrum. You slash BlueFish's ghost!
You freeze BlueFish's ghost.
You block the unseen horror simulacrum's attack.
The unseen horror simulacrum barely misses you.
You block the unseen horror simulacrum's attack.
BlueFish's ghost hits you but does no damage.
The centaur skeleton closely misses you.
The centaur skeleton kicks you but does no damage.
The unseen horror simulacrum hits you.
* * * LOW HITPOINT WARNING * * *
The unseen horror simulacrum freezes you!
You die...

#....)## #.#.##..## #⌠.>.⌠.#
#.#.♣....# ## #......#
#####.....⌠♣.# .#
#..⌠...###............# .###
#........#.###.##.....# .[.#
#.#......#.# #........#
...###.#......#.###......#.#
..............'.W...##.###.#
#+#.###...#...#Z@)..##.....#
#.#........)###.Z°).########
#.#...#.###..##.....#
....#.#.............#
#...#...##........<.#
#.....#.###'''###^..#
##....#.#......Z#...#
......#.##.....######
#.#...#.#......!#


You could see a spectral centaur, BlueFish's ghost, an unseen horror simulacrum
and a centaur skeleton.

Vanquished Creatures
  The ghost of Monarks the Slasher, an amateur BaWr (D:3)
  Edmund (D:4)
  2 black bears
  An ogre (D:6)
  A phantom (D:5)
  4 wights (D:6)
  3 quasits (D:6)
  A wyvern simulacrum (D:6)
  A jelly (D:4)
  2 sleepcaps (D:6)
  A gnoll bouda (D:5)
  Ijyb (D:4)
  2 orc wizards (D:5)
  4 gnolls
  9 adders
  5 river rats (Sewer)
  2 shadow imps (D:6)
  7 white imps
  4 ufetubi
  3 worms
  3 dart slugs
  10 orcs
  7 endoplasms
  2 giant cockroaches
  6 goblins
  2 hobgoblins
  2 jackals (D:1)
  A quokka (D:1)
  9 ball pythons
  7 bats
  6 frilled lizards (D:1)
  9 kobolds
  3 rats
122 creatures vanquished.

Notes
Turn   | Place    | Note
-------+----------+-------------------------------------------
     0 | D:1      | bande the Gargoyle Fighter began the quest for the Orb.
     0 | D:1      | Reached XP level 1. HP: 14/14 MP: 1/1
   159 | D:1      | Reached XP level 2. HP: 17/19 MP: 2/2
   329 | D:1      | Reached skill level 2 in Axes
   423 | D:1      | Reached XP level 3. HP: 18/23 MP: 3/3
  1127 | D:2      | Found a faded altar of an unknown god.
  1439 | D:3      | Reached XP level 4. HP: 29/29 MP: 4/4
  1502 | D:3      | Found a glowing golden altar of the Shining One.
  1715 | D:3      | Found a glowing drain.
  1733 | D:3      | Reached skill level 3 in Axes
  1738 | Sewer    | Entered a sewer
  1954 | Sewer    | Reached XP level 5. HP: 26/33 MP: 5/5
  2298 | D:3      | Found a runed translucent door.
  2299 | D:3      | Noticed Monarks's ghost (amateur BaWr)
  2430 | D:3      | Identified the +5 arbalest of Edghuner {penet, rPois Str+5
                  | Int+2 Dex-4}
  2468 | D:3      | Found an ancient bone altar of Kikubaaqudgha.
  2468 | D:3      | Found a glowing silver altar of Zin.
  2468 | D:3      | Found a broken altar of Ashenzari.
  2667 | D:3      | Killed Monarks's ghost
  2668 | D:3      | Reached skill level 4 in Axes
  2668 | D:3      | Reached XP level 6. HP: 38/38 MP: 6/6
  2908 | D:4      | Noticed a black bear
  2909 | D:4      | Found the ring of the Hare {EV+10}
  2923 | D:4      | Killed a black bear
  3342 | D:4      | Noticed Edmund
  3349 | D:4      | Killed Edmund
  3350 | D:4      | Reached skill level 5 in Axes
  3350 | D:4      | Reached skill level 5 in Armour
  3350 | D:4      | Reached XP level 7. HP: 42/44 MP: 7/7
  3454 | D:4      | Noticed Ijyb
  3455 | D:4      | Paralysed by Ijyb for 3 turns
  3462 | D:4      | Paralysed by Ijyb for 5 turns
  3471 | D:4      | Paralysed by Ijyb for 5 turns
  3476 | D:4      | Killed Ijyb
  3611 | D:5      | Entered Level 5 of the Dungeon
  4037 | D:5      | Reached skill level 1 in Evocations
  4240 | D:6      | Found a runed translucent gate.
  4240 | D:6      | Found a runed translucent gate.
  4240 | D:6      | Found a runed translucent gate.
  4529 | D:5      | Reached XP level 8. HP: 39/48 MP: 8/8
  4749 | D:6      | Reached skill level 5 in Shields
  4751 | D:6      | Reached skill level 5 in Fighting
  4751 | D:6      | Reached skill level 6 in Axes
  4782 | D:6      | Found a staircase to the Ecumenical Temple.
  4792 | Temple   | Entered the Ecumenical Temple
  4817 | Temple   | Became a worshipper of Warmaster Okawaru
  4845 | D:6      | Noticed BlueFish's ghost (novice DrAr)
  4872 | D:6      | Identified the +1 leather armour of Hati {rPois rF+}
  5214 | D:6      | Reached skill level 1 in Invocations
  5725 | D:6      | Slain by an unseen horror simulacrum

Illustrated notes

Levels and vault maps discovered:
D:1:      amcnicky_arrival_flooded_fountain, layout_basic
D:2:      layout_basic, ebering_ecumenical_altar_webs, serial_forest,
          infiniplex_forest_lined_4_way, infiniplex_forest_clump_small,
          infiniplex_forest_end_2, infiniplex_forest_clump_long,
          infiniplex_forest_clump_small, infiniplex_forest_corner_2,
          infiniplex_forest_lined_4_way, infiniplex_forest_lined_1
D:3:      layout_rooms, tso_metal_star, gammafunk_temple_overflow_forgotten,
          gammafunk_ghost_grave, gup_sewer_entry_glass,
          wad_floor_pattern_untrapped
D:4:      layout_basic, uniq_edmund, uniq_ijyb
D:5:      layout_cave_pools
D:6:      layout_basic, temple_fountains, gammafunk_ghost_necromancy,
          serial_demonic, serial_demonic_f, serial_demonic_e, serial_demonic_f,
          serial_demonic_a, serial_demonic_d, serial_demonic_b,
          serial_demonic_d, serial_demonic_c
Temple:   hellmonk_temple_flake

Skill      XL: |  1  2  3  4  5  6  7  8 |
---------------+-------------------------+-----
Axes           | 2 3 4 5 6 |  6.5
Armour         | 4 5 |  5.7
Fighting       | 4 5 |  5.2
Shields        | 4 5 |  5.6
Evocations     | 1 2 |  2.5
Invocations    | 1 |  1.5
Maces & Flails | |  0.4

Action                     |  1- 3 |  4- 6 |  7- 9 || total
---------------------------+-------+-------+-------++-------
  Melee: War axe           |   114 |   152 |   217 ||   483
    Use: Scroll            |     7 |     4 |       ||    11
         Potion            |       |     2 |     2 ||     4
 Armour: Scale mail        |    65 |     1 |       ||    66
         Plate armour      |       |   119 |   180 ||   299
  Dodge: Dodged            |    59 |    49 |   242 ||   350
  Block: Buckler           |    24 |    26 |       ||    50
         Kite shield       |       |    23 |   169 ||   192

Table legend: (Time is in decaauts)
 A = Elapsed time spent in this place.
 B = Non-inter-level travel time spent in this place.
 C = Inter-level travel time spent in this place.
 D = Time resting spent in this place.
 E = Time spent auto-exploring this place.
 F = Levels seen in this place.
 G = Mean time per level.
                   A        B        C        D        E       F      G
               +--------+--------+--------+--------+--------+-----+--------+
         Total |   5978 |   5882 |     96 |   1232 |   3282 |   8 |  747.2 |
       Dungeon |   5371 |   5294 |     77 |   1077 |   2993 |   6 |  895.2 |
        Temple |     38 |     19 |     19 |      0 |     14 |   1 |   38.0 |
         Sewer |    568 |    568 |      0 |    155 |    275 |   1 |  568.0 |
               +--------+--------+--------+--------+--------+-----+--------+

Top non-repeatable levels by time:
     D:5: 1083 daAuts
     D:6: 1069 daAuts
     D:3: 949 daAuts
     D:2: 836 daAuts
     D:4: 793 daAuts
     D:1: 639 daAuts
   Sewer: 568 daAuts
  Temple: 38 daAuts
